 Dungeon Crawl Stone Soup version 0.20.1-1-g8b1a95d (webtiles) character file.

98 Malomalsky the Shooter (level 4, 0/55 HPs)
             Began as a Minotaur Hunter on Nov 15, 2017.
             Was an Initiate of Cheibriados.
             Succumbed to Crazy Yiuf's poison
             ... on level 2 of the Dungeon.
             The game lasted 00:12:11 (1819 turns).

Malomalsky the Shooter (Minotaur Hunter)            Turns: 1819, Time: 00:12:12

Health: 0/55       AC:  3    Str: 23    XL:     4   Next: 43%
Magic:  0/3        EV: 12    Int:  9    God:    Cheibriados [......]
Gold:   102        SH:  0    Dex: 12    Spells: 3/3 levels left

rFire    . . .     SeeInvis .   a - +1 shortbow
rCold    . . .     Gourm    .   (shield currently unavailable)
rNeg     . . .     Faith    .   c - +0 leather armour
rPois    .         Spirit   .   (helmet restricted)
rElec    .         Reflect  .   (no cloak)
rCorr    .         Harm     .   (no gloves)
MR       .....                  (no boots)
Stlth    ..........             (no amulet)
Regen    0.2/turn               (no ring)
MPRegen  0.1/turn               (no ring)

@: berserking, lethally poisoned (0 -> -2), drained, very slow
A: retaliatory headbutt, horns 2
a: Bend Time, Renounce Religion


You were on level 2 of the Dungeon.
You worshipped Cheibriados.
Cheibriados was noncommittal.
You were not hungry.

You visited 1 branch of the dungeon, and saw 2 of its levels.

You collected 102 gold pieces.

Inventory:

Hand Weapons
 a - a +1 shortbow (weapon)
 b - a +0 short sword
 e - a +0 mace
Missiles
 d - 3 arrows (quivered)
Armour
 c - a +0 leather armour (worn)
Wands
 f - a wand of iceblast (3/15)
Scrolls
 g - 3 scrolls of identify {unknown}
 i - a scroll of teleportation {unknown}
 o - a scroll of enchant armour {unknown}
Potions
 h - a potion of flight {unknown}
 m - 2 potions of curing {unknown}
 n - a potion of lignification {unknown}
 p - a potion of resistance {unknown}
Books
 k - a book of Minor Magic

   Spells                             Type                      Level
   a - Magic Dart                     Conjuration                  1
   b - Blink                          Translocation                2
   c - Call Imp                       Summoning                    2
   d - Slow                           Hexes                        2
   e - Conjure Flame                  Conjuration/Fire             3
   f - Mephitic Cloud                 Conjuration/Poison/Air       3
Comestibles
 j - 2 royal jellies
 l - a meat ration


   Skills:
 + Level 2.7(2.4) Fighting
 + Level 6.1(5.8) Bows
 + Level 1.0(0.8) Armour
 + Level 2.4(2.2) Dodging
 + Level 1.0(0.8) Stealth


You had 3 spell levels left.
You didn't know any spells.

Dungeon Overview and Level Annotations

Branches:
Dungeon (2/15)

Altars:
Cheibriados

Annotations:
D:2 Crazy Yiuf


Innate Abilities, Weirdness & Mutations

You reflexively headbutt those who attack you in melee.
You have a pair of horns on your head.


Message History

* * * LOW HITPOINT WARNING * * *
A red film seems to cover your vision as you go berserk!
Cheibriados protects you from inadvertent hurry.
You feel mighty!
Unknown command.
Unknown command.
You are too berserk!
You aren't wearing any rings or amulets.
Okay, then.
You are too berserk!
Unknown command.
You are too berserk!
You are too berserk!
You are too berserk!
Unknown command.
Unknown command.
Unknown command.
You hit Crazy Yiuf!
Crazy Yiuf is almost dead.
You die...

#.#..##
#).........
#.##..##
#..........
#.###.†####
#..........
#.# ##....#
#####
##........#
##.# ###..#
#.()#
##...>....#
..†#####..##
#...#
#..........
#........##
...
#..........
##......##
#g#
#..........
##......#
♣♣@♣
#..........
........#
♣.♣♣
#..........
.#...####
♣♣.♣
##...<....#
.##..# ♣.♣♣
##.(....##
##...# ♣♣.♣♣
##.#####
##..##
♣.P.♣♣ #(##
#...# ♣P...♣
#..# #.#.#
#....# ##.#
#.#.# #....#
#.#


You could see Crazy Yiuf.

Vanquished Creatures
  A worker ant (D:2)
  An adder (D:2)
  An ooze (D:2)
  4 dart slugs
  2 leopard geckos (D:1)
  A ball python (D:2)
  7 bats
  2 giant cockroaches (D:1)
  4 goblins
  5 hobgoblins
  4 jackals (D:2)
  6 kobolds
  A quokka (D:2)
  2 frilled lizards (D:1)
  8 rats
  A fungus (D:2)
50 creatures vanquished.

Notes
Turn   | Place    | Note
-------+----------+-------------------------------------------
     0 | D:1      | Malomalsky the Minotaur Hunter began the quest for the Orb.
     0 | D:1      | Reached XP level 1. HP: 18/18 MP: 0/0
   118 | D:1      | Reached XP level 2. HP: 19/25 MP: 1/1
   307 | D:1      | Reached skill level 5 in Bows
  1035 | D:1      | Reached XP level 3. HP: 30/30 MP: 2/2
  1279 | D:2      | Reached XP level 4. HP: 29/37 MP: 3/3
  1406 | D:2      | Reached skill level 1 in Stealth
  1485 | D:2      | Reached skill level 1 in Armour
  1512 | D:2      | Reached skill level 6 in Bows
  1515 | D:2      | Found a snail-covered altar of Cheibriados.
  1552 | D:2      | Became a worshipper of Cheibriados the Contemplative
  1803 | D:2      | Found a runed door.
  1807 | D:2      | Noticed Crazy Yiuf
  1818 | D:2      | HP: 1/37 [Crazy Yiuf/quarterstaff of chaos (4)]
  1819 | D:2      | Succumbed to Crazy Yiuf's poison

Skill      XL: |  1  2  3  4 |
---------------+-------------+-----
Bows           | 5 6 |  6.1
Stealth        | 1 |  1.0
Armour         | 1 |  1.0
Fighting       | |  2.7
Dodging        | |  2.4

Action                   |  1- 3 |  4- 6 || total
-------------------------+-------+-------++-------
Melee: Shortbow          |       |    26 ||    26
       Headbutt          |       |     8 ||     8
 Fire: Shortbow          |    91 |    53 ||   144
  Eat: Bread ration      |     1 |       ||     1
Armor: Leather armour    |    17 |     6 ||    23
Dodge: Dodged            |    31 |    16 ||    47
